cohdb
Replays
Latest Replays
All Replays
Popular Replays
Top Player Replays
Match Explorer
How It Works
Community
CoH3 Stats
Reddit
Sign in to upload your games and track your stats! →
Sign in with Steam
Match 44602985
Unlisted
Match 44602985
Overview
Messages
Build Orders
End
Selects Special Operations Battlegroup
Selects M29 Weasel Recon Vehicle
M29 Weasel Recon Vehicle
Construct Barracks
Riflemen Squad
Riflemen Squad
Riflemen Squad
Grenade Package
Mechanized Support Center
Construct Weapon Support Center
Selects Raiding Flares
Selects SSF Commando Squad
SSF Commando Squad
Construct Tank Depot
SSF Commando Squad
Improved M9 Bazooka Rockets
Raiding Flares
M4(105) Sherman Bulldozer
Serial Chiller
johda28
박시진\
怀恋过去
剧毒的先锋
0wL
Vodka199009
391878204
0
0
Comments
sign in to comment!
No comments posted yet!